AAA WEST
TACOMA RAINIERS @ LAS VEGAS AVIATORS
07/19/2041
 
TOP OF THE 1ST
Tacoma Rainiers batting - Pitching for Las Vegas Aviators : LHP Clint Lands
Pitching: LHP Clint Lands
Batting: LHB José Barrón 0-0: Called Strike
0-1: Ball
1-1: Ball
2-1: Ball
3-1: Foul Ball, location: 9LSF
3-2: Ground out U3 (Groundball, 34S, EV 86.3 MPH)
Batting: RHB Pat Baldwin 0-0: Fly out, F9 (Flyball, 9, EV 86.9 MPH)
Batting: LHB José Ortíz 0-0: Called Strike
0-1: Ground out U3 (Groundball, 34, EV 86.3 MPH)
Top of the 1st over - 0 runs, 0 hits, 0 errors, 0 left on base; Tacoma 0 - Las Vegas 0
BOTTOM OF THE 1ST
Las Vegas Aviators batting - Pitching for Tacoma Rainiers : RHP António Santos
Pitching: RHP António Santos
Batting: RHB Luis De La Cruz 0-0: Ground out 4-3 (Groundball, 4S, EV 69.4 MPH)
Batting: RHB Ernesto Peña 0-0: Ball
1-0: Ball
2-0: Ball
3-0: Called Strike
3-1: DOUBLE (Flyball, 89XD, EV 103.1 MPH)
Batting: LHB Cristóbal Díaz 0-0: Called Strike
0-1: Ball
1-1: Called Strike
1-2: Foul Ball, location: 2F
1-2: Strikes out swinging
Batting: SHB Steve Dodd 0-0: Ball
1-0: Foul Ball, location: 2F
1-1: Ball
2-1: Ball
3-1: Ground out 5-3 (Groundball, 5, EV 110.6 MPH)
Bottom of the 1st over - 0 runs, 1 hit, 0 errors, 1 left on base; Tacoma 0 - Las Vegas 0
TOP OF THE 2ND
Tacoma Rainiers batting - Pitching for Las Vegas Aviators : LHP Clint Lands
Batting: RHB Rusty Smith 0-0: Ball
1-0: Ground out 5-3 (Groundball, 56, EV 77.5 MPH)
Batting: RHB Theron Scott 0-0: Called Strike
0-1: Ball
1-1: Called Strike
1-2: Strikes out swinging
Batting: RHB José Rentería 0-0: Ground out 6-3 (Groundball, 6, EV 85.0 MPH)
Top of the 2nd over - 0 runs, 0 hits, 0 errors, 0 left on base; Tacoma 0 - Las Vegas 0
BOTTOM OF THE 2ND
Las Vegas Aviators batting - Pitching for Tacoma Rainiers : RHP António Santos
Batting: SHB Jimmy Beard 0-0: Ball
1-0: Fly out, F9 (Flyball, 9LS, EV 74.4 MPH)
Batting: RHB Jake Edmonds 0-0: Called Strike
0-1: Ball
1-1: Called Strike
1-2: Ball
2-2: Foul Ball, location: 5FF
2-2: Ball
3-2: Base on Balls
Batting: LHB Doug Park 0-0: Ball
1-0: Swinging Strike
1-1: Foul Ball, location: 2LF
1-2: Ball
2-2: Fly out, F8 (Line Drive, 8RM, EV 85.0 MPH)
Batting: RHB Bert Gray 0-0: Called Strike
0-1: Called Strike
Jake Edmonds is caught stealing 2nd base 2-4
Bottom of the 2nd over - 0 runs, 0 hits, 0 errors, 0 left on base; Tacoma 0 - Las Vegas 0
TOP OF THE 3RD
Tacoma Rainiers batting - Pitching for Las Vegas Aviators : LHP Clint Lands
Batting: RHB Albert Rodríguez 0-0: Foul Ball, location: 2F
0-1: Ball
1-1: SINGLE (Line Drive, 56, EV 107.5 MPH)
Batting: RHB Joaquín Ortíz 0-0: Called Strike
0-1: Called Strike
0-2: Foul Ball, location: 3FF
0-2: Grounds into double play, 4-6-3 (Groundball, 34, EV 100.6 MPH)
Batting: LHB Ken Greene 0-0: Ground out U3 (Groundball, 34S, EV 88.1 MPH)
Top of the 3rd over - 0 runs, 1 hit, 0 errors, 0 left on base; Tacoma 0 - Las Vegas 0
BOTTOM OF THE 3RD
Las Vegas Aviators batting - Pitching for Tacoma Rainiers : RHP António Santos
Batting: RHB Bert Gray 0-0: Ball
1-0: Foul Ball, location: 5DF
1-1: Ball
2-1: Ground out 6-3 (Groundball, 56, EV 87.5 MPH)
Batting: SHB Esteban Martínez 0-0: Called Strike
0-1: Ball
1-1: Foul Ball, location: 2RF
1-2: Foul Ball, location: 23F
1-2: Foul Ball, location: 23FF
1-2: Strikes out swinging
Batting: RHB Luis De La Cruz 0-0: Foul Ball, location: 3FF
0-1: Called Strike
0-2: Ground out 6-3 (Groundball, 6M, EV 101.9 MPH)
Bottom of the 3rd over - 0 runs, 0 hits, 0 errors, 0 left on base; Tacoma 0 - Las Vegas 0
TOP OF THE 4TH
Tacoma Rainiers batting - Pitching for Las Vegas Aviators : LHP Clint Lands
Batting: LHB José Barrón 0-0: Fly out, F4 (Line Drive, 4, EV 63.1 MPH)
Batting: RHB Pat Baldwin 0-0: Ball
1-0: Ball
2-0: Foul Ball, location: 23F
2-1: Ground out 6-3 (Groundball, 6, EV 105.6 MPH)
Batting: LHB José Ortíz 0-0: Swinging Strike
0-1: Ball
1-1: Ball
2-1: Foul Ball, location: 7LMF
2-2: Foul Ball, location: 2F
2-2: Ball
3-2: Base on Balls
Batting: RHB Rusty Smith 0-0: Ball
1-0: Foul Ball, location: 23F
1-1: Ball
2-1: Swinging Strike
2-2: Foul Ball, location: 9LMF
2-2: Ball
3-2: Strikes out swinging
Top of the 4th over - 0 runs, 0 hits, 0 errors, 1 left on base; Tacoma 0 - Las Vegas 0
BOTTOM OF THE 4TH
Las Vegas Aviators batting - Pitching for Tacoma Rainiers : RHP António Santos
Batting: RHB Ernesto Peña 0-0: Ball
1-0: Foul Ball, location: 2F
1-1: Ball
2-1: Called Strike
2-2: Foul Ball, location: 25F
2-2: Strikes out swinging
Batting: LHB Cristóbal Díaz 0-0: Ball
1-0: Foul Ball, location: 23F
1-1: Swinging Strike
1-2: Ball
2-2: Foul Ball, location: 5FF
2-2: Fly out, F7 (Flyball, 78M, EV 94.4 MPH)
Batting: SHB Steve Dodd 0-0: Called Strike
0-1: Ball
1-1: Ball
2-1: Ground out 6-3 (Groundball, 6, EV 91.9 MPH)
Bottom of the 4th over - 0 runs, 0 hits, 0 errors, 0 left on base; Tacoma 0 - Las Vegas 0
TOP OF THE 5TH
Tacoma Rainiers batting - Pitching for Las Vegas Aviators : LHP Clint Lands
Batting: RHB Theron Scott 0-0: DOUBLE (Flyball, 89XD, EV 92.5 MPH)
Batting: RHB José Rentería 0-0: Called Strike
0-1: Swinging Strike
0-2: Ball
1-2: Foul Ball, location: 2RF
1-2: Ball
2-2: Strikes out swinging
Batting: RHB Albert Rodríguez 0-0: Foul Ball, location: 9LSFF
0-1: Swinging Strike
0-2: Ball
1-2: Ground out 6-3 (Groundball, 6, EV 85.6 MPH)
Theron Scott to third
Batting: RHB Joaquín Ortíz 0-0: Called Strike
0-1: Fly out, F8 (Line Drive, 8RM, EV 109.4 MPH)
Top of the 5th over - 0 runs, 1 hit, 0 errors, 1 left on base; Tacoma 0 - Las Vegas 0
BOTTOM OF THE 5TH
Las Vegas Aviators batting - Pitching for Tacoma Rainiers : RHP António Santos
Batting: SHB Jimmy Beard 0-0: Ball
1-0: Called Strike
1-1: Foul Ball, location: 3DF
1-2: Ground out 3-1 (Groundball, 34, EV 79.4 MPH)
Batting: RHB Jake Edmonds 0-0: Ball
1-0: Ball
2-0: Ball
3-0: Base on Balls
Batting: LHB Doug Park 0-0: Ball
1-0: Called Strike
1-1: Ball
2-1: Called Strike
2-2: Foul Ball, location: 2F
2-2: Strikes out swinging
Batting: RHB Bert Gray 0-0: Ball
1-0: Ball
2-0: Fly out, F3 (Popup, 3SF, EV 79.4 MPH)
Bottom of the 5th over - 0 runs, 0 hits, 0 errors, 1 left on base; Tacoma 0 - Las Vegas 0
TOP OF THE 6TH
Tacoma Rainiers batting - Pitching for Las Vegas Aviators : LHP Clint Lands
Batting: LHB Ken Greene 0-0: Called Strike
0-1: Ball
1-1: Ground out 4-3 (Groundball, 4M, EV 101.9 MPH)
Batting: LHB José Barrón 0-0: Called Strike
0-1: Swinging Strike
0-2: Ball
1-2: Foul Ball, location: 2F
1-2: Ball
2-2: Strikes out swinging
Batting: RHB Pat Baldwin 0-0: Ball
1-0: Ball
2-0: Swinging Strike
2-1: Ball
3-1: Called Strike
3-2: SINGLE (Line Drive, 34, EV 98.8 MPH)
Batting: LHB José Ortíz 0-0: Ball
1-0: DOUBLE (Flyball, 8RXD, EV 111.9 MPH)
Pat Baldwin to third
Batting: RHB Rusty Smith 0-0: Ball
1-0: Foul Ball, location: 2F
1-1: Foul Ball, location: 2F
1-2: Ball
2-2: Fly out, F3 (Popup, 34S, EV 69.4 MPH)
Top of the 6th over - 0 runs, 2 hits, 0 errors, 2 left on base; Tacoma 0 - Las Vegas 0
BOTTOM OF THE 6TH
Las Vegas Aviators batting - Pitching for Tacoma Rainiers : RHP António Santos
Batting: SHB Esteban Martínez 0-0: Fly out, F8 (Line Drive, 89M, EV 95.0 MPH)
Batting: RHB Luis De La Cruz 0-0: Swinging Strike
0-1: Ball
1-1: Swinging Strike
1-2: Strikes out swinging
Batting: RHB Ernesto Peña 0-0: Called Strike
0-1: Ball
1-1: Fly out, F9 (Flyball, 89D, EV 105.6 MPH)
Bottom of the 6th over - 0 runs, 0 hits, 0 errors, 0 left on base; Tacoma 0 - Las Vegas 0
TOP OF THE 7TH
Tacoma Rainiers batting - Pitching for Las Vegas Aviators : LHP Clint Lands
Batting: RHB Theron Scott 0-0: Called Strike
0-1: Ball
1-1: Ground out 6-3 (Groundball, 56, EV 86.9 MPH)
Batting: RHB José Rentería 0-0: Foul Ball, location: 2F
0-1: Swinging Strike
0-2: Strikes out swinging
Batting: RHB Albert Rodríguez 0-0: Ball
1-0: Called Strike
1-1: Swinging Strike
1-2: Ball
2-2: Foul Ball, location: 2F
2-2: Strikes out swinging
Top of the 7th over - 0 runs, 0 hits, 0 errors, 0 left on base; Tacoma 0 - Las Vegas 0
BOTTOM OF THE 7TH
Las Vegas Aviators batting - Pitching for Tacoma Rainiers : RHP António Santos
Batting: LHB Cristóbal Díaz 0-0: Called Strike
0-1: Called Strike
0-2: Foul Ball, location: 25F
0-2: DOUBLE (Flyball, 78D, EV 92.5 MPH)
Batting: SHB Steve Dodd 0-0: Ball
1-0: Ball
2-0: Ground out 5-3 (Groundball, 5, EV 105.0 MPH)
Batting: SHB Jimmy Beard 0-0: Intentional Walk
Batting: RHB Jake Edmonds 0-0: Ball
1-0: Ball
2-0: Grounds into double play, 6-4-3 (Groundball, 6, EV 106.9 MPH)
Bottom of the 7th over - 0 runs, 1 hit, 0 errors, 1 left on base; Tacoma 0 - Las Vegas 0
TOP OF THE 8TH
Tacoma Rainiers batting - Pitching for Las Vegas Aviators : LHP Clint Lands
Batting: RHB Joaquín Ortíz 0-0: Ball
1-0: Ball
2-0: SINGLE (Groundball, 34D, EV 96.3 MPH)
Batting: LHB Ken Greene 0-0: Ball
1-0: Bunted foul
1-1: Sac Bunt to 5S - play at first, batter OUT! 5-4
Joaquín Ortíz to second
Batting: LHB José Barrón 0-0: Ball
1-0: Ball
2-0: Called Strike
2-1: Ground out 3-1 (Groundball, 34S, EV 86.9 MPH)
Joaquín Ortíz to third
Batting: RHB Pat Baldwin 0-0: Called Strike
0-1: Ball
1-1: Fly out, F9 (Line Drive, 9LM, EV 100.0 MPH)
Top of the 8th over - 0 runs, 1 hit, 0 errors, 1 left on base; Tacoma 0 - Las Vegas 0
BOTTOM OF THE 8TH
Las Vegas Aviators batting - Pitching for Tacoma Rainiers : RHP António Santos
Batting: LHB Doug Park 0-0: Ball
1-0: Ball
2-0: Ball
3-0: Called Strike
3-1: DOUBLE (Groundball, 3L, EV 101.9 MPH)
Batting: RHB Bert Gray 0-0: Ball
1-0: Called Strike
1-1: Ball
2-1: Ball
3-1: Fly out, F9 (Line Drive, 89M, EV 91.9 MPH)
Batting: SHB Esteban Martínez 0-0: Intentional Walk
Batting: RHB Luis De La Cruz 0-0: Ball
1-0: Ball
2-0: Swinging Strike
2-1: Swinging Strike
2-2: Fielders Choice at 2nd, 6-4 (Groundball, 56, EV 85.0 MPH)
Doug Park to third
Batting: RHB Ernesto Peña 0-0: Ball
1-0: Called Strike
1-1: Ball
2-1: Ball
3-1: Foul Ball, location: 5F
3-2: Fly out, F5 (Popup, 5F, EV 68.8 MPH)
Bottom of the 8th over - 0 runs, 1 hit, 0 errors, 2 left on base; Tacoma 0 - Las Vegas 0
TOP OF THE 9TH
Tacoma Rainiers batting - Pitching for Las Vegas Aviators : LHP Clint Lands
Batting: LHB José Ortíz 0-0: Called Strike
0-1: Ground out 4-3 (Groundball, 4, EV 68.8 MPH)
Batting: RHB Rusty Smith 0-0: Ball
1-0: Ball
2-0: Ball
3-0: Base on Balls
Pitching: RHP Zander Sanders
Pinch Hitting: LHB Dave Day 0-0: Fly out, F2 (Popup, 15S, EV 86.9 MPH)
Pinch Hitting: LHB Sang-kuk Park 0-0: Called Strike
0-1: Ball
1-1: Foul Ball, location: 2F
1-2: Ball
2-2: Strikes out looking
Top of the 9th over - 0 runs, 0 hits, 0 errors, 1 left on base; Tacoma 0 - Las Vegas 0
BOTTOM OF THE 9TH
Las Vegas Aviators batting - Pitching for Tacoma Rainiers : RHP António Santos
Pitching: RHP Eric Revels
Now at 1B: Dave Day
Now in CF: Steve Rodríguez
Batting: LHB Cristóbal Díaz 0-0: Ball
1-0: Ball
2-0: Called Strike
2-1: Ball
3-1: Foul Ball, location: 7LSF
3-2: Strikes out swinging
Pitching: RHP Jeff Jackson
Batting: SHB Steve Dodd 0-0: Foul Ball, location: 2F
0-1: Foul Ball, location: 2F
0-2: Strikes out looking
Batting: SHB Jimmy Beard 0-0: Ball
1-0: Ball
2-0: Foul Ball, location: 3F
2-1: Foul Ball, location: 2F
2-2: Foul Ball, location: 2F
2-2: Ball
3-2: Base on Balls
Batting: RHB Jake Edmonds 0-0: Called Strike
0-1: Ball
1-1: Ball
2-1: Ball
3-1: Called Strike
3-2: Strikes out swinging
Bottom of the 9th over - 0 runs, 0 hits, 0 errors, 1 left on base; Tacoma 0 - Las Vegas 0
TOP OF THE 10TH
Tacoma Rainiers batting - Pitching for Las Vegas Aviators : RHP Zander Sanders
Pinch Hitting: LHB Elijah Malone 0-0: Ball
1-0: Ball
2-0: Ball
3-0: Called Strike
3-1: Called Strike
3-2: Base on Balls
Batting: RHB Joaquín Ortíz 0-0: Bunt - Flyout to P! F1
Batting: LHB Ken Greene 0-0: Called Strike
0-1: Hit by Pitch
Elijah Malone to second
Batting: LHB José Barrón 0-0: Called Strike
0-1: Ball
1-1: Ball
2-1: Foul Ball, location: 23F
2-2: Strikes out swinging
Batting: RHB Pat Baldwin 0-0: Called Strike
0-1: Called Strike
0-2: Foul Ball, location: 25F
0-2: SINGLE (Groundball, 6MD, EV 95.0 MPH)
Elijah Malone to third
Ken Greene to second
Runner from 3rd tries for Home, SAFE, throw by CF to home
Batting: LHB José Ortíz 0-0: Ball
1-0: Ball
2-0: Ball
3-0: Called Strike
3-1: SINGLE (Groundball, 56D, EV 106.9 MPH)
Ken Greene to third
Pat Baldwin to second
Runner from 3rd tries for Home, SAFE, throw by LF to home
Now in LF: Steve Dodd
Now in RF: Jesús Castillo
Batting: RHB Rusty Smith 0-0: Ball
1-0: Called Strike
1-1: Ball
2-1: Ball
3-1: Base on Balls
Pat Baldwin to third
José Ortíz to second
Batting: LHB Dave Day 0-0: Fly out, F2 (Popup, 23F, EV 81.3 MPH)
Top of the 10th over - 2 runs, 2 hits, 0 errors, 3 left on base; Tacoma 2 - Las Vegas 0
BOTTOM OF THE 10TH
Las Vegas Aviators batting - Pitching for Tacoma Rainiers : RHP Jeff Jackson
Now at 3B: Raúl Zamora
Now in RF: Elijah Malone
Batting: LHB Doug Park 0-0: Ball
1-0: Ground out 4-3 (Groundball, 4M, EV 83.1 MPH)
Pinch Hitting: LHB António González 0-0: Called Strike
0-1: Ball
1-1: Ball
2-1: Foul Ball, location: 2F
2-2: Ball
3-2: Base on Balls
Batting: SHB Esteban Martínez 0-0: Ball
Wild Pitch!
António González to second
1-0: Ball
2-0: Ball
3-0: Called Strike
3-1: Called Strike
3-2: SINGLE (Line Drive, 8RS, EV 85.6 MPH)
António González to third
Pinch Hitting: LHB Brad Brandt 0-0: Foul Ball, location: 25F
0-1: Ball
1-1: Ball
2-1: Grounds into double play, 4-6-3 (Groundball, P, EV 86.3 MPH)
Bottom of the 10th over - 0 runs, 1 hit, 0 errors, 1 left on base; Tacoma 2 - Las Vegas 0
Monday, April 1st , 2024 - OOTP Baseball 24.10 Build 82